TOP OF THE 1ST |
Midland RockHounds batting - Pitching for Frisco RoughRiders : RHP Tim Honaker
|
Pitching: RHP Tim Honaker
|
|
Batting: RHB Mario Ramos
|
0-0: Ground out 6-3 (Groundball, 6, EV 90.0 MPH)
|
Batting: RHB Kevin Wiles
|
0-0: Fly out, F4 (Line Drive, 4, EV 65.0 MPH)
|
Batting: LHB John Shults
|
0-0: Ball 1-0: Swinging Strike 1-1: Foul Ball, location: 2F 1-2: Foul Ball, location: 2F 1-2: Ball 2-2: Ball 3-2: Ground out 4-3 (Groundball, 4, EV 93.1 MPH)
|
Top of the 1st over - 0 runs, 0 hits, 0 errors, 0 left on base; Midland 0 - Frisco 0 |
BOTTOM OF THE 1ST |
Frisco RoughRiders batting - Pitching for Midland RockHounds : RHP Mike Staley
|
Pitching: RHP Mike Staley
|
|
Batting: RHB George King
|
0-0: Called Strike 0-1: Ball 1-1: Ball 2-1: Foul Ball, location: 2F 2-2: Fly out, F9 (Flyball, 89D, EV 106.3 MPH)
|
Batting: LHB Gabriel Graves
|
0-0: Ball 1-0: Called Strike 1-1: Fly out, F9 (Flyball, 9S, EV 86.3 MPH)
|
Batting: LHB Alfonso Collazo
|
0-0: Ball 1-0: Foul Ball, location: 2F 1-1: Called Strike 1-2: Fly out, F6 (Popup, 6S, EV 65.6 MPH)
|
Bottom of the 1st over - 0 runs, 0 hits, 0 errors, 0 left on base; Midland 0 - Frisco 0 |
TOP OF THE 2ND |
Midland RockHounds batting - Pitching for Frisco RoughRiders : RHP Tim Honaker
|
Batting: RHB Jonathan Gallup
|
0-0: Called Strike 0-1: Ball 1-1: Ball 2-1: Ball 3-1: Base on Balls
|
Batting: SHB John Cummings
|
0-0: Ball 1-0: Swinging Strike 1-1: Swinging Strike 1-2: Strikes out swinging
|
Batting: RHB Fathi Addae
|
0-0: Ball 1-0: Grounds into double play, 4-6-3 (Groundball, 4, EV 86.9 MPH)
|
Top of the 2nd over - 0 runs, 0 hits, 0 errors, 0 left on base; Midland 0 - Frisco 0 |
BOTTOM OF THE 2ND |
Frisco RoughRiders batting - Pitching for Midland RockHounds : RHP Mike Staley
|
Batting: LHB Justin Balthazor
|
0-0: Ball 1-0: Called Strike 1-1: Fly out, F5 (Popup, 56S, EV 82.5 MPH)
|
Batting: RHB Dale Aubrey
|
0-0: Swinging Strike 0-1: Fly out, F8 (Line Drive, 8LD, EV 95.0 MPH)
|
Batting: RHB Rick Concha
|
0-0: Ball 1-0: Ball 2-0: Called Strike 2-1: Ball 3-1: Foul Ball, location: 2F 3-2: Foul Ball, location: 2F 3-2: SINGLE (Groundball, 25, EV 65.0 MPH) (infield hit)
|
Batting: RHB Shoh Tanioka
|
0-0: Ball Rick Concha is caught stealing 2nd base 2-4
|
Bottom of the 2nd over - 0 runs, 1 hit, 0 errors, 0 left on base; Midland 0 - Frisco 0 |
TOP OF THE 3RD |
Midland RockHounds batting - Pitching for Frisco RoughRiders : RHP Tim Honaker
|
Batting: RHB Zack DiCicco
|
0-0: Called Strike 0-1: Fly out, F7 (Line Drive, 7, EV 107.5 MPH)
|
Batting: RHB Matt Sherard
|
0-0: SINGLE (Groundball, 6MS, EV 75.0 MPH) (infield hit)
|
Batting: RHB Bastiaan Leenders
|
0-0: Ball Matt Sherard steals 2nd base 1-0: Ground out 1-3 (Groundball, 25, EV 60.6 MPH)
|
Batting: RHB Mario Ramos
|
0-0: Called Strike 0-1: Ball 1-1: Foul Ball, location: 2F 1-2: Foul Ball, location: 2F 1-2: Ball 2-2: Ground out 6-3 (Groundball, 6, EV 83.8 MPH)
|
Top of the 3rd over - 0 runs, 1 hit, 0 errors, 1 left on base; Midland 0 - Frisco 0 |
BOTTOM OF THE 3RD |
Frisco RoughRiders batting - Pitching for Midland RockHounds : RHP Mike Staley
|
Batting: RHB Shoh Tanioka
|
0-0: Called Strike 0-1: Ground out 6-3 (Groundball, 6S, EV 83.1 MPH)
|
Pitching: RHP Aaron McKinney
|
|
Batting: RHB Brandon Davis
|
0-0: Swinging Strike 0-1: Ball 1-1: Ground out 6-3 (Groundball, 6, EV 99.4 MPH)
|
Batting: RHB Salamander Hed
|
0-0: Called Strike 0-1: Foul Ball, location: 2F 0-2: Foul Ball, location: 2F 0-2: Ball 1-2: Ground out 6-3 (Groundball, 6MS, EV 90.0 MPH)
|
Bottom of the 3rd over - 0 runs, 0 hits, 0 errors, 0 left on base; Midland 0 - Frisco 0 |
TOP OF THE 4TH |
Midland RockHounds batting - Pitching for Frisco RoughRiders : RHP Tim Honaker
|
Batting: RHB Kevin Wiles
|
0-0: Called Strike 0-1: Swinging Strike 0-2: Ball 1-2: SINGLE (Line Drive, 8RS, EV 108.1 MPH)
|
Batting: LHB John Shults
|
0-0: Ball 1-0: Swinging Strike 1-1: Foul Ball, location: 2F 1-2: Strikes out swinging
|
Batting: RHB Jonathan Gallup
|
0-0: Ball 1-0: Ball Kevin Wiles steals 2nd base 2-0: Ground out 1-3 (Groundball, 13S, EV 74.4 MPH) Kevin Wiles to third
|
Batting: SHB John Cummings
|
0-0: Called Strike 0-1: Ball 1-1: Called Strike 1-2: Strikes out swinging
|
Top of the 4th over - 0 runs, 1 hit, 0 errors, 1 left on base; Midland 0 - Frisco 0 |
BOTTOM OF THE 4TH |
Frisco RoughRiders batting - Pitching for Midland RockHounds : RHP Aaron McKinney
|
Batting: RHB George King
|
0-0: Called Strike 0-1: Ball 1-1: Ground out 1-3 (Groundball, 13, EV 68.1 MPH)
|
Batting: LHB Gabriel Graves
|
0-0: Foul Ball, location: 2F 0-1: Foul Ball, location: 2F 0-2: Fly out, F8 (Flyball, 8RD, EV 102.5 MPH)
|
Batting: LHB Alfonso Collazo
|
0-0: Called Strike 0-1: Ball 1-1: Ball 2-1: Called Strike 2-2: Foul Ball, location: 2F 2-2: Foul Ball, location: 2F 2-2: Strikes out swinging
|
Bottom of the 4th over - 0 runs, 0 hits, 0 errors, 0 left on base; Midland 0 - Frisco 0 |
TOP OF THE 5TH |
Midland RockHounds batting - Pitching for Frisco RoughRiders : RHP Tim Honaker
|
Batting: RHB Fathi Addae
|
0-0: Ball 1-0: Called Strike 1-1: Called Strike 1-2: Ground out 3-1 (Groundball, 34, EV 100.6 MPH)
|
Batting: RHB Zack DiCicco
|
0-0: Ball 1-0: Ball 2-0: Ball 3-0: Called Strike 3-1: Called Strike 3-2: Base on Balls
|
Batting: RHB Matt Sherard
|
0-0: Ball Zack DiCicco is caught stealing 2nd base 2-4 1-0: Ball 2-0: Ball 3-0: Called Strike 3-1: Fly out, F5 (Line Drive, 5, EV 66.3 MPH)
|
Top of the 5th over - 0 runs, 0 hits, 0 errors, 0 left on base; Midland 0 - Frisco 0 |
BOTTOM OF THE 5TH |
Frisco RoughRiders batting - Pitching for Midland RockHounds : RHP Aaron McKinney
|
Batting: LHB Justin Balthazor
|
0-0: Swinging Strike 0-1: Ball 1-1: Ball 2-1: Called Strike 2-2: Ball 3-2: Base on Balls
|
Batting: RHB Dale Aubrey
|
0-0: Ball 1-0: Ball 2-0: Foul Ball, location: 2F 2-1: Ball 3-1: Called Strike 3-2: Foul Ball, location: 2F 3-2: Foul Ball, location: 2F 3-2: Foul Ball, location: 2F 3-2: Base on Balls Justin Balthazor to second
|
Batting: RHB Rick Concha
|
0-0: Foul Ball, location: 2F 0-1: Swinging Strike 0-2: Ball 1-2: Ball 2-2: DOUBLE (Flyball, 8RXD, EV 106.3 MPH) Justin Balthazor scores Dale Aubrey to third
|
Batting: RHB Shoh Tanioka
|
0-0: Foul Ball, location: 2F 0-1: TRIPLE (Groundball, 5L, EV 101.9 MPH) Dale Aubrey scores Rick Concha scores
|
Pitching: RHP John Barney
|
|
Batting: RHB Brandon Davis
|
0-0: Swinging Strike 0-1: SINGLE (Groundball, 25, EV 76.3 MPH) (infield hit)
|
Batting: RHB Salamander Hed
|
0-0: Ball 1-0: Ball 2-0: Called Strike 2-1: Called Strike Brandon Davis steals 2nd base 2-2: Foul Ball, location: 2F 2-2: Ball 3-2: Foul Ball, location: 2F 3-2: Fly out, F7 (Flyball, 7LS, EV 90.0 MPH)
|
Batting: RHB George King
|
0-0: Called Strike 0-1: Ground out 5-3 (Groundball, 5, EV 86.9 MPH)
|
Batting: LHB Gabriel Graves
|
0-0: Called Strike 0-1: Ball 1-1: Fly out, F2 (Popup, 2LF, EV 93.1 MPH)
|
Bottom of the 5th over - 3 runs, 3 hits, 0 errors, 2 left on base; Midland 0 - Frisco 3 |
TOP OF THE 6TH |
Midland RockHounds batting - Pitching for Frisco RoughRiders : RHP Tim Honaker
|
Batting: RHB Bastiaan Leenders
|
0-0: Foul Ball, location: 2F 0-1: Ground out 6-3 (Groundball, 6, EV 83.8 MPH)
|
Batting: RHB Mario Ramos
|
0-0: Called Strike 0-1: Swinging Strike 0-2: Foul Ball, location: 2F 0-2: Reached on error, E8 (Flyball, 8LM, EV 86.3 MPH)
|
Batting: RHB Kevin Wiles
|
0-0: Ball 1-0: Ball 2-0: 2-RUN HOME RUN (Flyball, 78XD, EV 108.8 MPH), Distance : 438 ft
|
Batting: LHB John Shults
|
0-0: Ball 1-0: Foul Ball, location: 2F 1-1: Ball 2-1: Foul Ball, location: 2F 2-2: Ball 3-2: Ground out 4-3 (Groundball, 4, EV 101.9 MPH)
|
Batting: RHB Jonathan Gallup
|
0-0: Swinging Strike 0-1: Ball 1-1: Foul Ball, location: 2F 1-2: Foul Ball, location: 2F 1-2: Foul Ball, location: 2F 1-2: Ball 2-2: Ground out 6-3 (Groundball, P, EV 83.1 MPH)
|
Top of the 6th over - 2 runs, 1 hit, 1 error, 0 left on base; Midland 2 - Frisco 3 |
BOTTOM OF THE 6TH |
Frisco RoughRiders batting - Pitching for Midland RockHounds : RHP John Barney
|
Batting: LHB Alfonso Collazo
|
0-0: SINGLE (Groundball, 4D, EV 98.1 MPH)
|
Batting: LHB Justin Balthazor
|
0-0: Called Strike 0-1: Called Strike 0-2: Ball 1-2: Foul Ball, location: 2F 1-2: Strikes out swinging
|
Batting: RHB Dale Aubrey
|
0-0: Ball 1-0: Ball 2-0: Ball 3-0: Base on Balls Alfonso Collazo to second
|
Batting: RHB Rick Concha
|
0-0: Swinging Strike 0-1: Ball 1-1: Called Strike 1-2: Strikes out looking
|
Batting: RHB Shoh Tanioka
|
0-0: Ball 1-0: Called Strike 1-1: Ball 2-1: Fielders Choice at 2nd, 5-4 (Groundball, 5D, EV 89.4 MPH)
|
Bottom of the 6th over - 0 runs, 1 hit, 0 errors, 2 left on base; Midland 2 - Frisco 3 |
TOP OF THE 7TH |
Midland RockHounds batting - Pitching for Frisco RoughRiders : RHP Tim Honaker
|
Batting: SHB John Cummings
|
0-0: Ball 1-0: Called Strike 1-1: Swinging Strike 1-2: Ball 2-2: Foul Ball, location: 2F 2-2: Ball 3-2: SOLO HOME RUN (Line Drive, 89XD, EV 116.3 MPH), Distance : 473 ft
|
Batting: RHB Fathi Addae
|
0-0: Fly out, F7 (Flyball, 7, EV 88.1 MPH)
|
Batting: RHB Zack DiCicco
|
0-0: Ball 1-0: Foul Ball, location: 2F 1-1: Ground out 5-3 (Groundball, 56S, EV 64.4 MPH)
|
Batting: RHB Matt Sherard
|
0-0: Ball 1-0: Called Strike 1-1: Ground out 6-3 (Groundball, 6, EV 87.5 MPH)
|
Top of the 7th over - 1 run, 1 hit, 0 errors, 0 left on base; Midland 3 - Frisco 3 |
BOTTOM OF THE 7TH |
Frisco RoughRiders batting - Pitching for Midland RockHounds : RHP John Barney
|
Pitching: RHP Carlos Alaniz
|
|
Batting: RHB Brandon Davis
|
0-0: Called Strike 0-1: Swinging Strike 0-2: Ball 1-2: Strikes out swinging
|
Batting: RHB Salamander Hed
|
0-0: Called Strike 0-1: Fly out, F9 (Flyball, 89S, EV 77.5 MPH)
|
Batting: RHB George King
|
0-0: Foul Ball, location: 2F 0-1: Swinging Strike 0-2: Foul Ball, location: 2F 0-2: Foul Ball, location: 2F 0-2: Fly out, F9 (Flyball, 89M, EV 80.6 MPH)
|
Bottom of the 7th over - 0 runs, 0 hits, 0 errors, 0 left on base; Midland 3 - Frisco 3 |
TOP OF THE 8TH |
Midland RockHounds batting - Pitching for Frisco RoughRiders : RHP Tim Honaker
|
Batting: RHB Bastiaan Leenders
|
0-0: Ball 1-0: Called Strike 1-1: Swinging Strike 1-2: Foul Ball, location: 2F 1-2: Ground out 6-3 (Groundball, 6, EV 101.3 MPH)
|
Pitching: RHP Nobuo Okazaki
|
|
Batting: RHB Mario Ramos
|
0-0: Called Strike 0-1: Foul Ball, location: 2F 0-2: Ball 1-2: Ball 2-2: Strikes out swinging
|
Batting: RHB Kevin Wiles
|
0-0: Swinging Strike 0-1: Called Strike 0-2: Foul Ball, location: 2F 0-2: Ball 1-2: Strikes out looking
|
Top of the 8th over - 0 runs, 0 hits, 0 errors, 0 left on base; Midland 3 - Frisco 3 |
BOTTOM OF THE 8TH |
Frisco RoughRiders batting - Pitching for Midland RockHounds : RHP Carlos Alaniz
|
Batting: LHB Gabriel Graves
|
0-0: Ground out 1-3 (Groundball, P, EV 68.1 MPH)
|
Batting: LHB Alfonso Collazo
|
0-0: Foul Ball, location: 2F 0-1: Ball 1-1: DOUBLE (Line Drive, 7LD, EV 105.0 MPH)
|
Batting: LHB Justin Balthazor
|
0-0: Intentional Walk
|
Pinch Hitting: LHB Antonio Domingues
|
0-0: Ball 1-0: Fly out, F8 (Flyball, 78XD, EV 90.0 MPH) Runner from 2nd tags up, SAFE at 3rd, no throw by CF
|
Batting: RHB Rick Concha
|
0-0: Called Strike 0-1: Ball 1-1: Foul Ball, location: 2F 1-2: Foul Ball, location: 2F 1-2: Strikes out swinging
|
Bottom of the 8th over - 0 runs, 1 hit, 0 errors, 2 left on base; Midland 3 - Frisco 3 |
TOP OF THE 9TH |
Midland RockHounds batting - Pitching for Frisco RoughRiders : RHP Nobuo Okazaki
|
Now in RF: Antonio Domingues
|
|
Batting: LHB John Shults
|
0-0: Swinging Strike 0-1: TRIPLE (Line Drive, 9D, EV 108.8 MPH)
|
Batting: RHB Jonathan Gallup
|
0-0: Called Strike 0-1: Ball 1-1: Foul Ball, location: 2F 1-2: Foul Ball, location: 2F 1-2: Ball 2-2: Ground out 5-3 (Groundball, 56S, EV 86.9 MPH)
|
Batting: SHB John Cummings
|
0-0: Foul Ball, location: 2F 0-1: Ball 1-1: Foul Ball, location: 2F 1-2: Ground out U3 (Groundball, 3, EV 78.8 MPH)
|
Batting: RHB Fathi Addae
|
0-0: Called Strike 0-1: Swinging Strike 0-2: Ball 1-2: Ball 2-2: Ground out 5-3 (Groundball, 15, EV 85.0 MPH)
|
Top of the 9th over - 0 runs, 1 hit, 0 errors, 1 left on base; Midland 3 - Frisco 3 |
BOTTOM OF THE 9TH |
Frisco RoughRiders batting - Pitching for Midland RockHounds : RHP Carlos Alaniz
|
Pitching: RHP Adrian Frazier
|
|
Batting: RHB Shoh Tanioka
|
0-0: Ball 1-0: DOUBLE (Flyball, 78D, EV 106.3 MPH)
|
Batting: RHB Brandon Davis
|
0-0: Ball 1-0: Foul Ball, location: 2F 1-1: Ground out 6-3 (Groundball, 6, EV 100.0 MPH)
|
Batting: RHB Salamander Hed
|
0-0: Called Strike Shoh Tanioka steals 3rd base 0-1: Ball 1-1: Fielders Choice at home, 4-2 (Groundball, 4, EV 85.6 MPH)
|
Batting: RHB George King
|
0-0: Swinging Strike 0-1: Ball 1-1: Swinging Strike 1-2: Ground out 4-3 (Groundball, 4, EV 105.0 MPH)
|
Bottom of the 9th over - 0 runs, 1 hit, 0 errors, 1 left on base; Midland 3 - Frisco 3 |
TOP OF THE 10TH |
Midland RockHounds batting - Pitching for Frisco RoughRiders : RHP Nobuo Okazaki
|
Batting: RHB Zack DiCicco
|
0-0: Ball 1-0: Ground out 5-3 (Groundball, 56, EV 83.8 MPH)
|
Batting: RHB Matt Sherard
|
0-0: Called Strike 0-1: Fly out, F9 (Flyball, 9LM, EV 76.3 MPH)
|
Batting: RHB Bastiaan Leenders
|
0-0: Foul Ball, location: 2F 0-1: Ball 1-1: Ball 2-1: Ground out 5-3 (Groundball, 56, EV 102.5 MPH)
|
Top of the 10th over - 0 runs, 0 hits, 0 errors, 0 left on base; Midland 3 - Frisco 3 |
BOTTOM OF THE 10TH |
Frisco RoughRiders batting - Pitching for Midland RockHounds : RHP Adrian Frazier
|
Batting: LHB Gabriel Graves
|
0-0: Ball 1-0: Called Strike 1-1: Swinging Strike 1-2: Strikes out looking
|
Batting: LHB Alfonso Collazo
|
0-0: Ball 1-0: Ball 2-0: Ball 3-0: Base on Balls
|
Batting: LHB Justin Balthazor
|
0-0: Ball 1-0: Foul Ball, location: 2F 1-1: Ball 2-1: Called Strike 2-2: SINGLE (Line Drive, 9LM, EV 105.6 MPH) Alfonso Collazo to second
|
Batting: LHB Antonio Domingues
|
0-0: Ball 1-0: Called Strike 1-1: Swinging Strike 1-2: Strikes out looking
|
Batting: RHB Rick Concha
|
0-0: Fielders Choice at 2nd, 6-4 (Groundball, 6, EV 86.9 MPH)
|
Bottom of the 10th over - 0 runs, 1 hit, 0 errors, 2 left on base; Midland 3 - Frisco 3 |
TOP OF THE 11TH |
Midland RockHounds batting - Pitching for Frisco RoughRiders : RHP Nobuo Okazaki
|
Pitching: RHP Andres Burgos
|
|
Batting: RHB Mario Ramos
|
0-0: Foul Ball, location: 2F 0-1: Called Strike 0-2: Foul Ball, location: 2F 0-2: Ball 1-2: Foul Ball, location: 2F 1-2: Ball 2-2: Ball 3-2: Foul Ball, location: 2F 3-2: Strikes out swinging
|
Batting: RHB Kevin Wiles
|
0-0: Ball 1-0: Ball 2-0: Ground out 6-3 (Groundball, 6, EV 81.3 MPH)
|
Batting: LHB John Shults
|
0-0: Swinging Strike 0-1: Ball 1-1: Swinging Strike 1-2: Strikes out looking
|
Top of the 11th over - 0 runs, 0 hits, 0 errors, 0 left on base; Midland 3 - Frisco 3 |
BOTTOM OF THE 11TH |
Frisco RoughRiders batting - Pitching for Midland RockHounds : RHP Adrian Frazier
|
Batting: RHB Shoh Tanioka
|
0-0: Foul Ball, location: 2F 0-1: Ground out 6-3 (Groundball, 6, EV 89.4 MPH)
|
Batting: RHB Brandon Davis
|
0-0: Called Strike 0-1: Foul Ball, location: 2F 0-2: Foul Ball, location: 2F 0-2: Foul Ball, location: 2F 0-2: Foul Ball, location: 2F 0-2: Ball 1-2: Foul Ball, location: 2F 1-2: Ball 2-2: Ball 3-2: Ground out 6-3 (Groundball, 6, EV 80.0 MPH)
|
Pitching: RHP George Rubio
|
|
Batting: RHB Salamander Hed
|
0-0: Fly out, F8 (Line Drive, 8RD, EV 98.1 MPH)
|
Bottom of the 11th over - 0 runs, 0 hits, 0 errors, 0 left on base; Midland 3 - Frisco 3 |
TOP OF THE 12TH |
Midland RockHounds batting - Pitching for Frisco RoughRiders : RHP Andres Burgos
|
Batting: RHB Jonathan Gallup
|
0-0: Ground out 5-3 (Groundball, 5D, EV 83.1 MPH)
|
Batting: SHB John Cummings
|
0-0: Ball 1-0: Swinging Strike 1-1: Swinging Strike 1-2: Foul Ball, location: 2F 1-2: Strikes out swinging
|
Batting: RHB Fathi Addae
|
0-0: Called Strike 0-1: Ball 1-1: Foul Ball, location: 2F 1-2: Foul Ball, location: 2F 1-2: Strikes out swinging
|
Top of the 12th over - 0 runs, 0 hits, 0 errors, 0 left on base; Midland 3 - Frisco 3 |
BOTTOM OF THE 12TH |
Frisco RoughRiders batting - Pitching for Midland RockHounds : RHP George Rubio
|
Batting: RHB George King
|
0-0: Reached on error, E6 (Groundball, 6, EV 83.1 MPH)
|
Batting: LHB Gabriel Graves
|
0-0: Foul Ball, location: 2F 0-1: Bunt missed! 0-2: Ball 1-2: Strikes out swinging
|
Batting: LHB Alfonso Collazo
|
0-0: Ground out 4-3 (Groundball, 4MS, EV 77.5 MPH) George King to third
|
Batting: LHB Justin Balthazor
|
0-0: Intentional Walk
|
Batting: LHB Antonio Domingues
|
0-0: Ball 1-0: Ball 2-0: Foul Ball, location: 2F 2-1: Called Strike 2-2: Foul Ball, location: 2F 2-2: Ball 3-2: Hit by Pitch Justin Balthazor to second
|
Batting: RHB Rick Concha
|
0-0: Ball 1-0: Foul Ball, location: 2F 1-1: Swinging Strike 1-2: Foul Ball, location: 2F 1-2: Foul Ball, location: 2F 1-2: Fly out, F9 (Flyball, 89S, EV 80.6 MPH)
|
Bottom of the 12th over - 0 runs, 0 hits, 1 error, 3 left on base; Midland 3 - Frisco 3 |
TOP OF THE 13TH |
Midland RockHounds batting - Pitching for Frisco RoughRiders : RHP Andres Burgos
|
Batting: RHB Zack DiCicco
|
0-0: Ball 1-0: Ball 2-0: Ball 3-0: Called Strike 3-1: Foul Ball, location: 2F 3-2: Base on Balls
|
Batting: RHB Matt Sherard
|
0-0: Ball Zack DiCicco steals 2nd base (no throw) 1-0: Called Strike Zack DiCicco steals 3rd base 1-1: Ground out 5-3 (Groundball, 56S, EV 82.5 MPH)
|
Pitching: RHP Mario Lopez
|
|
Batting: RHB Bastiaan Leenders
|
0-0: Ball 1-0: Swinging Strike 1-1: Foul Ball, location: 2F 1-2: Ball 2-2: DOUBLE (Line Drive, 3D, EV 98.1 MPH) Zack DiCicco scores
|
Batting: RHB Mario Ramos
|
0-0: Swinging Strike 0-1: Fly out, F8 (Flyball, 89D, EV 88.1 MPH) Runner from 2nd tags up, SAFE at 3rd, no throw by CF
|
Batting: RHB Kevin Wiles
|
0-0: Foul Ball, location: 2F 0-1: SINGLE (Groundball, 4, EV 98.1 MPH) Bastiaan Leenders scores
|
Batting: LHB John Shults
|
0-0: Ball 1-0: Ball 2-0: Called Strike 2-1: Swinging Strike 2-2: Foul Ball, location: 2F 2-2: Strikes out swinging
|
Top of the 13th over - 2 runs, 2 hits, 0 errors, 1 left on base; Midland 5 - Frisco 3 |
BOTTOM OF THE 13TH |
Frisco RoughRiders batting - Pitching for Midland RockHounds : RHP George Rubio
|
Batting: RHB Shoh Tanioka
|
0-0: Foul Ball, location: 2F 0-1: Ball 1-1: Fly out, F8 (Flyball, 8LD, EV 98.1 MPH)
|
Batting: RHB Brandon Davis
|
0-0: Called Strike 0-1: Swinging Strike 0-2: Strikes out swinging
|
Batting: RHB Salamander Hed
|
0-0: Called Strike 0-1: Ground out 5-3 (Groundball, 56S, EV 91.9 MPH)
|
Bottom of the 13th over - 0 runs, 0 hits, 0 errors, 0 left on base; Midland 5 - Frisco 3 |
|